 Dungeon Crawl Stone Soup version 0.30.1-3-gfc49f6343a (webtiles) character file.

Game seed: 18217815706478941805

21197 javelincjr the Fighter (level 13, -15/96 HPs)
             Began as a Djinni Conjurer on Aug 1, 2023.
             Was a High Priest of Qazlal.
             Demolished by Frances
             ... wielding a +0 halberd
              (28 damage)
             ... on level 12 of the Dungeon.
             The game lasted 01:18:39 (11582 turns).

javelincjr the Fighter (Djinni Conjurer)           Turns: 11582, Time: 01:18:42

Health: -15/96     AC:  7    Str:  8    XL:     13   Next: 18%
Gold:   751        EV: 14    Int: 23    God:    Qazlal [*****.] SH: 11 Dex: 12

rFire   + + +        l - +7 short sword of Ufeted {venom, rPois rF+ Str+4 Stlth+}
rCold   x . .        B - +0 buckler of Ojev {+Inv Will+ Regen+ Str-4}
rNeg    + . .        L - +0 troll leather armour
rPois   ∞            h - +0 helmet
rElec   .            y - +0 cloak
rCorr   +            (no gloves)
SInv    .            (boots unavailable)
Will    ++...        g - amulet of the acrobat
Stlth   +            t - ring of resist corrosion
HPRegen 1.96/turn    i - ring of positive energy
MPRegen 0.00/turn

%: repel missiles, acrobat, infuse magic (-16 HP)
@: freezing walls, flying
A: sickness immunity, fire resistance 2, cold vulnerability 1, float, innate
caster, HP casting, extra vitality 1
a: Renounce Religion, Evoke Invisibility, Upheaval, Elemental Force, Disaster
Area


You were on level 12 of the Dungeon.
You worshipped Qazlal.
Qazlal was extremely pleased with you.
You visited 2 branches of the dungeon, and saw 13 of its levels.
You also visited: Ossuary and Bailey.

You collected 836 gold pieces.
You spent 85 gold pieces at shops.

Inventory:

Hand Weapons
 l - the +7 short sword of Ufeted (weapon) {venom, rPois rF+ Str+4 Stlth+}
   (You found it on level 3 of the Dungeon)

   Str:       It affects your strength (+4).
   rF:        It protects you from fire.
   rPois:     It protects you from poison.
   Stlth:     It makes you more stealthy.
 w - a +2 whip of flaming
 E - a +2 mace of protection
 M - a +1 flail of holy wrath
Missiles
 K - a throwing net
Armour
 e - a +2 kite shield of protection
 h - a +0 helmet (worn)
 k - a +2 robe of fire resistance
 y - a +0 cloak (worn)
 A - the +5 shadow dragon scales of Sejoiroi {rPois rC- MP+9 Stlth++++}
   (You found it in a bailey)

   rC:        It makes you vulnerable to cold.
   rPois:     It protects you from poison.
   MP:        It affects your magic capacity (+9).
   Stlth:     It makes you much more stealthy.
 B - the +0 buckler of Ojev (worn) {+Inv Will+ Regen+ Str-4}
   (You took it off a wight on level 6 of the Dungeon)

   Str:       It affects your strength (-4).
   +Inv:      It lets you turn invisible.
   Regen:     It increases your rate of health regeneration.
   Will:      It increases your willpower.
 L - a +0 troll leather armour (worn)
Jewellery
 g - an amulet of the acrobat (around neck)
 i - a ring of positive energy (right hand)
 t - a ring of resist corrosion (left hand)
Wands
 q - a wand of iceblast (11)
 x - a wand of digging (5)
 C - a wand of quicksilver (9)
 G - a wand of charming (9)
Scrolls
 b - 5 scrolls of teleportation
 m - 2 scrolls of vulnerability
 o - 2 scrolls of summoning
 u - a scroll of identify
 D - a scroll of poison {unknown}
 F - 3 scrolls of fog {unknown}
 J - 2 scrolls of immolation
 N - a scroll of blinking {unknown}
 O - 2 scrolls of brand weapon {unknown}
Potions
 a - 5 potions of mutation
 c - 2 potions of degeneration
 d - 2 potions of brilliance
 f - 5 potions of curing
 j - 2 potions of cancellation
 n - 2 potions of attraction
 p - a potion of berserk rage {unknown}
 r - a potion of invisibility {unknown}
 s - a potion of haste
 v - 2 potions of lignification {unknown}
 z - 2 potions of resistance
 H - 2 potions of might {unknown}
Miscellaneous
 I - a piece from Xom's chessboard (15/15)


   Skills:
 * Level 10.2 Fighting
 * Level 9.3 Short Blades
 + Level 4.7 Armour
 + Level 8.5 Dodging
 - Level 2.5 Stealth
 + Level 4.7 Shields
 * Level 8.8 Spellcasting
 + Level 4.6 Invocations


You knew the following spells:

 Your Spells              Type           Power      Damage    Failure   Level
a - Magic Dart            Conj           100%       1d8       1%          1
b - Searing Ray           Conj           100%       2d8       1%          2
c - Dazzling Flash        Conj/Hex       100%       N/A       1%          3
d - Fulminant Prism       Conj/Hex       25%        3d14      3%          4
e - Iskenderun's Mystic   Conj/Tloc      50%        2d11      3%          4
f - Summon Small Mammal   Summ           100%       N/A       1%          1
g - Poisonous Vapours     Pois/Air       100%       N/A       1%          2
h - Swiftness             Air            50%        N/A       1%          3
i - Frozen Ramparts       Ice            100%       1d16      1%          3
j - Olgreb's Toxic Radia  Pois           50%        N/A       3%          4
k - Alistair's Intoxicat  Tmut/Pois      33%        N/A       10%         5
Your spell library was empty.

Dungeon Overview and Level Annotations

Branches:
Dungeon (12/15)            Temple (1/1) D:4            Lair (0/5) D:9
    Orc (0/2) D:11        Ossuary (visited)          Bailey (visited)

Altars:
Ashenzari
Cheibriados
Dithmenos
Elyvilon
Fedhas
Gozag
Hepliaklqana
Makhleb
Nemelex Xobeh
Okawaru
Qazlal
Ru
Trog
Uskayaw
Wu Jian
Xom
Yredelemnul
Zin
The Shining One

Shops:
D:4 *   D:5 (:[[=   D:6 (

Annotations:
D:5 DamienQuinn's ghost, novice HuFi
D:12 Frances


Innate Abilities, Weirdness & Mutations

You are immune to sickness and miasma.
You are immune to poison.
Your flesh is very heat resistant. (rF++)
You are vulnerable to cold. (rC-)
You float through the air rather than walking.
You learn spells naturally, not from books.
Your magical power is your life essence.
You have superior vitality. (+4 MHP)


Message History

The wall freezes the vampire mosquito.
The vampire mosquito completely misses you.
Your fulminant prism explodes!
The blast of energy engulfs Frances!!
Frances is moderately wounded.
The blast of energy engulfs the white ugly thing!
The white ugly thing is moderately wounded.
The blast of energy engulfs the centaur warrior zombie!!
You destroy the centaur warrior zombie!
Qazlal accepts your kill.
The blast of energy engulfs the wraith!
The wraith is moderately damaged.
The blast of energy engulfs the hellwing!!
The hellwing is heavily wounded.
The blast of energy engulfs the vampire mosquito!
You destroy the vampire mosquito!
Qazlal accepts your kill.
Casting: Olgreb's Toxic Radiance (dangerous; 3% risk of failure)
Confirm with . or Enter, or press ? or * to list all spells.
Aiming: Fulminant Prism (dangerous; 3% risk of failure)
Press: ? - help, Dir - move target You conjure a prism of explosive energy!
A fulminant prism comes into view.
Your toxic aura wanes.
The wall freezes Frances but does no damage.
Frances hits you from afar with a +0 halberd!!
Frances resists.
The wall freezes Frances.
Frances hits you from afar with a +0 halberd!!
* * * LOW HITPOINT WARNING * * *
The white ugly thing resists.
The wall freezes the white ugly thing.
Casting: Fulminant Prism (dangerous; 3% risk of failure)
Confirm with . or Enter, or press ? or * to list all spells.
Aiming: Fulminant Prism (dangerous; 3% risk of failure)
Press: ? - help, Dir - move target You conjure a prism of explosive energy!
* * * LOW HITPOINT WARNING * * *
A fulminant prism comes into view.
Frances resists.
The wall freezes Frances.
Frances hits you from afar with a +0 halberd!!
You die...

......^########.........###.....#
........................#[..### #
.......########.....<.....#.#.#..
.....<.# #.........###.#.###
....Z..# #........)# #.....#
#####.## ##.######## #####.# #.Z#
#.# #.).... #.## #.# ##.#### #.#
#@# # ####.##### ##u#######
.........# #)@W...... .?.......#
#*4.*##### Z........# #...##((.#
.........# #...#(#(#. .........#
#...#((#.. .........# #...#(#.#.
.........# #...##...#


You could see Frances (fast, resistant, ally target), a white ugly thing (very
poisoned), a hellwing (summoned), a wraith (ally target), 4 dancing weapons and
2 friendly fulminant prisms.

Vanquished Creatures
  Nessos (D:12)
  A boulder beetle (D:12)
  3 two-headed ogres
  Pikel (D:5)
  An orc knight (Bailey)
  A deep elf pyromancer (D:12)
  A cyclops (D:11)
  A gargoyle (D:11)
  An unseen horror (D:10)
  A freezing wraith (D:11)
  3 trolls (D:11)
  A meliai zombie (D:12)
  7 slime creatures (D:12)
  5 shadows (D:12)
  4 vampires
  5 wraiths (D:12)
  9 yaks (D:10)
  2 basilisks
  3 wyverns
  Grum (D:11)
  A steam dragon (D:8)
  2 vampire mosquitoes (D:12)
  2 acid dragons (D:11)
  3 ice beasts
  13 orc warriors
  3 wolves (D:11)
  4 ogres
  3 centaurs
  3 elf zombies (Ossuary)
  Blork the orc (D:4)
  A kobold brigand (D:9)
  2 bullfrogs
  A gnoll sergeant (D:6)
  3 wyvern zombies (D:8)
  A scorpion (D:6)
  15 wights
  13 killer bees
  An electric eel (D:7)
  5 howler monkeys
  11 centaur zombies
  4 human zombies
  5 hounds
  8 orc priests
  Crazy Yiuf (D:5)
  A gnoll bouda (D:8)
  3 jellies
  11 orc wizards
  4 sleepcaps
  4 iguanas
  A boggart zombie (D:12)
  A killer bee zombie (D:8)
  A hound zombie (Ossuary)
  7 mummies
  5 adders
  5 gnolls
  A shadow imp (D:7)
  3 white imps
  2 ufetubi
  2 adder zombies (Ossuary)
  A worm (D:2)
  2 dart slugs
  43 orcs
  6 ball pythons
  6 endoplasms
  6 giant cockroaches
  9 goblins
  8 hobgoblins
  7 kobolds
  A quokka (D:1)
  3 bats
  2 frilled lizards
  5 goblin zombies (Ossuary)
  A hobgoblin zombie (Ossuary)
  4 jackal zombies (Ossuary)
  5 kobold zombies
  2 orc zombies
  3 quokka zombies (Ossuary)
  11 rats
  4 rat zombies (Ossuary)
  A fulminant prism (D:12)
339 creatures vanquished.

Vanquished Creatures (others)
  A slime creature (D:12)
  3 gnolls
  29 fulminant prisms
33 creatures vanquished.

Grand Total: 372 creatures vanquished

Notes
Turn   | Place    | Note
-------+----------+-------------------------------------------
     0 | D:1      | javelincjr the Djinni Conjurer began the quest for the Orb.
     0 | D:1      | javelincjr set off with the following spells memorised:
                  | Magic Dart, Searing Ray, Dazzling Flash, Fulminant Prism,
                  | Iskenderun's Mystic Blast.
     0 | D:1      | Reached XP level 1. HP: 15/15 MP: 0/0
    95 | D:1      | Reached XP level 2. HP: 6/21 MP: 0/0
   436 | D:1      | Reached XP level 3. HP: 21/25 MP: 0/0
   436 | D:1      | Learned a level 1 spell: Summon Small Mammal
   671 | D:2      | You are sucked into a shaft and drop 2 floors!
   885 | D:3      | Found a snail-covered altar of Cheibriados.
  1193 | D:3      | Identified the +7 short sword of Ufeted {venom, rPois rF+
                  | Str+4 Stlth+}
  1378 | D:2      | Reached XP level 4. HP: 31/31 MP: 0/0
  1468 | D:2      | Found a faded altar of an unknown god.
  1838 | D:4      | Reached XP level 5. HP: 29/36 MP: 0/0
  1838 | D:4      | Learned a level 2 spell: Poisonous Vapours
  1877 | D:4      | Found Kemeist's Fire Supplies.
  1938 | D:4      | Reached skill level 1 in Fighting
  1938 | D:4      | Reached skill level 1 in Short Blades
  1944 | D:4      | Noticed Blork the orc
  1959 | D:4      | Killed Blork the orc
  1960 | D:4      | Reached XP level 6. HP: 30/43 MP: 0/0
  2240 | D:4      | Reached skill level 2 in Fighting
  2309 | D:4      | Noticed an ogre
  2319 | D:4      | Killed an ogre
  2816 | D:4      | Found a staircase to the Ecumenical Temple.
  2896 | Temple   | Entered the Ecumenical Temple
  2952 | Temple   | Became a worshipper of Qazlal Stormbringer
  3027 | D:5      | Entered Level 5 of the Dungeon
  3029 | D:5      | Found Xacugairi's Armour Shop.
  3034 | D:5      | Reached XP level 7. HP: 48/49 MP: 0/0
  3034 | D:5      | Learned a level 3 spell: Swiftness
  3185 | D:5      | Found a sacrificial altar of Ru.
  3253 | D:5      | Found Caam's Antique Armour Emporium.
  3261 | D:5      | Bought an embroidered robe for 85 gold pieces
  3274 | D:5      | Found Soplem's Book Shoppe.
  3309 | D:5      | Found a sand-covered staircase.
  3320 | Ossuary  | Entered an ossuary
  3467 | Ossuary  | Reached * piety under Qazlal
  3562 | Ossuary  | Reached skill level 3 in Fighting
  3723 | Ossuary  | Reached XP level 8. HP: 44/56 MP: 0/0
  3979 | D:5      | Noticed Pikel
  3985 | D:5      | Killed Pikel
  3986 | D:5      | Reached skill level 4 in Fighting
  3986 | D:5      | Reached skill level 5 in Dodging
  3986 | D:5      | Reached skill level 5 in Spellcasting
  4190 | D:5      | Reached skill level 5 in Fighting
  4190 | D:5      | Reached XP level 9. HP: 12/65 MP: 0/0
  4190 | D:5      | Learned a level 3 spell: Frozen Ramparts
  4421 | D:5      | Found Xaofum's Jewellery Shop.
  4535 | D:5      | Found Sarefuni's Weapon Emporium.
  4597 | D:5      | Found a large runed translucent door.
  4597 | D:5      | Found a large runed translucent door.
  4598 | D:5      | Noticed DamienQuinn's ghost (novice HuFi)
  4627 | D:5      | HP: 2/65 [DamienQuinn's ghost (2)]
  5004 | D:5      | Found a runed translucent door.
  5005 | D:5      | Noticed Crazy Yiuf
  5011 | D:5      | Killed Crazy Yiuf
  5216 | D:6      | Found Yrajest's Weapon Shop.
  5260 | D:6      | Found an opulent altar of Gozag.
  5343 | D:6      | Reached ** piety under Qazlal
  5373 | D:6      | Reached skill level 5 in Short Blades
  5394 | D:6      | Identified the +0 buckler of Ojev {+Inv Will+ Regen+ Str-4}
  5772 | D:6      | Reached skill level 6 in Fighting
  6180 | D:7      | Reached XP level 10. HP: 49/73 MP: 0/0
  6185 | D:7      | Found a broken altar of Ashenzari.
  6312 | D:7      | Reached *** piety under Qazlal
  6314 | D:7      | Found a flagged portal.
  6339 | Bailey   | Entered a bailey
  6445 | Bailey   | Noticed an orc knight
  6497 | Bailey   | Reached skill level 7 in Fighting
  6562 | Bailey   | Killed an orc knight
  6609 | Bailey   | Identified the +5 shadow dragon scales of Sejoiroi {rPois
                  | rC- MP+9 Stlth++++}
  7534 | D:8      | Found a bloodstained altar of Trog.
  7650 | D:8      | Reached skill level 1 in Shields
  7652 | D:8      | Reached skill level 1 in Invocations
  7784 | D:8      | Noticed a two-headed ogre
  7793 | D:8      | Killed a two-headed ogre
  7794 | D:8      | Reached skill level 1 in Armour
  7794 | D:8      | Reached XP level 11. HP: 58/81 MP: 0/0
  7794 | D:8      | Learned a level 4 spell: Olgreb's Toxic Radiance
  7794 | D:8      | Reached **** piety under Qazlal
  7893 | D:8      | Reached skill level 8 in Fighting
  8247 | D:9      | Found a staircase to the Lair.
  8405 | D:9      | Noticed a two-headed ogre
  8415 | D:9      | Killed a two-headed ogre
  8617 | D:9      | Found a glowing silver altar of Zin.
  8867 | D:10     | Entered Level 10 of the Dungeon
 10046 | D:11     | Reached ***** piety under Qazlal
 10247 | D:11     | Noticed Grum
 10259 | D:11     | Killed Grum
 10272 | D:11     | Reached skill level 9 in Fighting
 10369 | D:11     | Noticed a cyclops
 10378 | D:11     | Killed a cyclops
 10379 | D:11     | Reached XP level 12. HP: 89/89 MP: 0/0
 10438 | D:11     | Found a staircase to the Orcish Mines.
 10877 | D:12     | Noticed Nessos
 10890 | D:12     | HP: 3/89 [Nessos/iceblast (11)]
 10891 | D:12     | Killed Nessos
 10934 | D:12     | Noticed a two-headed ogre
 10941 | D:12     | Killed a two-headed ogre
 11107 | D:12     | Noticed Frances
 11328 | D:12     | Noticed a boulder beetle
 11338 | D:12     | Killed a boulder beetle
 11374 | D:12     | Reached skill level 10 in Fighting
 11380 | D:12     | Reached XP level 13. HP: 89/96 MP: 0/0
 11380 | D:12     | Learned a level 5 spell: Alistair's Intoxication
 11582 | D:12     | Demolished by Frances

Illustrated notes

Levels and vault maps discovered:
D:1:      minmay_arrival_plants_in_alcoves, layout_rooms
D:2:      layout_basic, chequers_ecumenical_altar_island
D:3:      layout_basic, cheibriados_altar_1
D:4:      layout_basic, minmay_temple_entry_antechambers, serial_glass,
          glass_columns_a, glass_columns_b, kennysheep_cross_room,
          nicolae_shop_fire_sale [nicolae_sub_dead_trees], abandoned_shop,
          minmay_misc_feat_x, uniq_blork_the_orc
D:5:      layout_loops_ring, mainiacjoe_overflow_catwalk, hangedman_ru_absence,
          serial_shops, nicolae_shop_waterfront, shop, shop, shop, shop,
          nicolae_ossuary_entry_giza, ebering_ghost_disaster_area,
          uniq_crazy_yiuf_cottage, uniq_pikel
D:6:      layout_loops_ring, nicolae_gozag_seed_capital, serial_shops, shop
D:7:      layout_gridville, mainiacjoe_overflow_boulevard, enter_bailey_4,
          amcnicky_mini_pool_medium
D:8:      layout_loops_ring, lemuel_mausoleum_altar_kikubaaqudgha,
          kennysheep_mini_moat
D:9:      nicolae_cairo_tiling_large_dashed, layout_loops_cross,
          zin_scriptorium, wad_floor_pattern_2
D:10:     layout_roguey
D:11:     layout_long_grid, minmay_orc_entry_temple_small,
          hangedman_decor_opposing, uniq_grum
D:12:     layout_roguey, special_room [special_room_orc],
          gauntlet_entry_generic, serial_undead, serial_undead_b,
          serial_undead_a, serial_undead_d, serial_undead_a,
          nicolae_uskayaw_en_pointe, uniq_frances, uniq_nessos
Temple:   nicolae_temple_superstar

Skill      XL: |  1  2  3  4  5  6  7  8  9 10 11 12 |
---------------+-------------------------------------+-----
Stealth        | 2 |  2.5
Dodging        | 3 4 5 6 7 8 |  8.5
Fighting       | 1 2 3 5 6 7 9 10 | 10.2
Short Blades   | 1 2 3 4 5 7 8 9 |  9.3
Spellcasting   | 4 5 6 7 8 |  8.8
Shields        | 1 3 4 |  4.7
Invocations    | 1 3 4 |  4.6
Armour         | 1 3 4 |  4.7

Action                     |  1- 3 |  4- 6 |  7- 9 | 10-12 | 13-15 || total
---------------------------+-------+-------+-------+-------+-------++-------
  Melee: Short sword       |     9 |    47 |   189 |   248 |    52 ||   545
         Unarmed           |     1 |       |       |       |       ||     1
         Punch             |       |     1 |     4 |       |       ||     5
   Cast: Magic Dart        |    73 |    29 |    85 |   125 |    11 ||   323
         Poisonous Vapours |       |    17 |     2 |    13 |       ||    32
         Summon Small Mamm |       |     2 |     3 |       |       ||     5
         Dazzling Flash    |       |     2 |       |     1 |       ||     3
         Searing Ray       |       |       |    14 |     2 |       ||    16
         Iskenderun's Myst |       |       |    13 |   115 |    10 ||   138
         Fulminant Prism   |       |       |     8 |    18 |     6 ||    32
         Frozen Ramparts   |       |       |     2 |    22 |     3 ||    27
         Olgreb's Toxic Ra |       |       |       |    12 |     3 ||    15
         Alistair's Intoxi |       |       |       |       |     4 ||     4
 Invoke: Elemental Force   |       |       |       |     1 |     1 ||     2
  Evoke: Wand              |       |       |       |     5 |       ||     5
    Use: Scroll            |       |     3 |     6 |     3 |       ||    12
         Potion            |       |       |     3 |     5 |       ||     8
   Stab: Sleeping          |       |     1 |     1 |       |       ||     2
 Armour: Robe              |     3 |     9 |    32 |    40 |       ||    84
         Troll leather arm |       |       |       |     1 |     7 ||     8
  Dodge: Dodged            |    13 |    33 |   138 |   159 |    14 ||   357
         Repelled          |       |       |       |     2 |     1 ||     3
  Block: Other             |       |       |     5 |       |       ||     5
         Buckler           |       |       |     9 |   101 |    17 ||   127
